 Dungeon Crawl Stone Soup version 0.29.1-15-g9cfb28693d (webtiles) character file.

Game seed: 1366377097942886294

311 protoss039 the Digger (level 6, -1/46 HPs)
             Began as a Demonspawn Earth Elementalist on Mar 12, 2023.
             Was an Initiate of Vehumet.
             Slain by Duvessa
             ... wielding a +0 short sword
              (6 damage)
             ... on level 4 of the Dungeon.
             The game lasted 00:03:59 (4516 turns).

protoss039 the Digger (DsEE)                        Turns: 4516, Time: 00:03:59

Health: -1/46      AC:  5    Str:  9    XL:     6   Next: 18%
Magic:  6/10       EV: 13    Int: 18    God:    Vehumet [......]
Gold:   131        SH:  0    Dex: 13    Spells: 5/11 levels left

rFire   . . .      SeeInvis +   d - +0 shortbow
rCold   . . .      Faith    .   (shield currently unavailable)
rNeg    . . .      Spirit   .   g - +0 ring mail
rPois   .          Reflect  .   (no helmet)
rElec   .          Harm     .   (no cloak)
rCorr   .          Rampage  .   (no gloves)
Will    +....                   (no boots)
Stlth   +.........              (no amulet)
HPRegen 0.15/turn               l - ring of see invisible
MPRegen 0.12/turn               p - ring of willpower

@: no status effects
A: repulsion field 2, demonic magic 1
a: Renounce Religion


You were on level 4 of the Dungeon.
You worshipped Vehumet.
Vehumet was noncommittal.
You visited 1 branch of the dungeon, and saw 4 of its levels.

You collected 131 gold pieces.

Inventory:

Hand Weapons
 d - a +0 shortbow (weapon)
Armour
 g - a +0 ring mail (worn)
Jewellery
 l - a ring of see invisible (left hand)
 p - a ring of willpower (right hand)
Scrolls
 a - a scroll of enchant armour {unknown}
 e - a scroll of poison {unknown}
 h - 6 scrolls of identify {unknown}
 j - a scroll of vulnerability {unknown}
 m - a scroll of summoning {unknown}
 n - a scroll of enchant weapon {unknown}
 o - a scroll of fear {unknown}
 r - a scroll of amnesia {unknown}
Potions
 b - 2 potions of magic
 c - a potion of flight {unknown}
 f - 2 potions of curing {unknown}
 i - 2 potions of mutation {unknown}
 k - a potion of heal wounds {unknown}
 q - a potion of berserk rage {unknown}


   Skills:
 + Level 2.6 Fighting
 * Level 2.9 Armour
 - Level 1.7 Dodging
 - Level 1.7 Stealth
 + Level 3.2 Spellcasting
 + Level 1.1 Conjurations
 - Level 0.8 Transmutations
 + Level 3.7 Earth Magic


You had 5 spell levels left.
You knew the following spells:

 Your Spells              Type           Power      Damage    Failure   Level
a - Sandblast             Erth           32%        2d9       9%          1
b - Passwall              Tmut/Erth      9%         N/A       24%         2
c - Stone Arrow           Conj/Erth      22%        3d8       43%         3

Your spell library contained the following spells:

 Spells                   Type           Power      Damage    Failure   Level
 Summon Small Mammal      Summ           8%         N/A       38%         1
 Call Canine Familiar     Summ           2%         N/A       77%         3
 Summon Guardian Golem    Hex/Summ       2%         N/A       77%         3
 Petrify                  Tmut/Erth      11%        N/A       85%         4


Dungeon Overview and Level Annotations

Branches:
Dungeon (4/15) Zot: 19316  Temple (0/1) D:4

Altars:
Sif Muna
Trog
Vehumet

Annotations:
D:4 Duvessa


Innate Abilities, Weirdness & Mutations

You are surrounded by a moderate repulsion field. (EV +3)
Spells you cast may paralyse adjacent enemies.


Message History

Aiming: Sandblast (safe; 9% risk of failure)
Press: ? - help, Shift-Dir - straight line, f/p - Duvessa
Aim: Duvessa, wielding a +0 short sword and wearing a +0 leather armour (moderately wounded, 84% to hit)
The blast of sand misses Duvessa.
Malevolent energies surge around you.
Duvessa suddenly stops moving!
Unknown command.
Unknown command.
You are too injured to fight recklessly!
Unknown command.
Fire: d) +0 shortbow
Press: ? - help, Shift-Dir - straight line, f/p - Duvessa
Aim: Duvessa, wielding a +0 short sword and wearing a +0 leather armour (moderately wounded, paralysed, 98% to hit)
You shoot an arrow.
The arrow hits Duvessa but does no damage.
Duvessa is moderately wounded.
Fire: d) +0 shortbow
Press: ? - help, Shift-Dir - straight line, f/p - Duvessa
Aim: Duvessa, wielding a +0 short sword and wearing a +0 leather armour (moderately wounded, paralysed, 98% to hit)
You shoot an arrow.
The arrow hits Duvessa but does no damage.
Duvessa is moderately wounded.
Fire: d) +0 shortbow
Press: ? - help, Shift-Dir - straight line, f/p - Duvessa
Aim: Duvessa, wielding a +0 short sword and wearing a +0 leather armour (lightly wounded, paralysed, 98% to hit)
You shoot an arrow.
The arrow hits Duvessa but does no damage.
Duvessa is lightly wounded.
Duvessa is no longer paralysed.
Duvessa hits you with a +0 short sword.
* * * LOW HITPOINT WARNING * * *
Duvessa hits you with a +0 short sword.
* * * LOW HITPOINT WARNING * * *
Unknown command.
Fire: d) +0 shortbow
Press: ? - help, Shift-Dir - straight line, f/p - Duvessa
Aim: Duvessa, wielding a +0 short sword and wearing a +0 leather armour (lightly wounded, 61% to hit)
You shoot an arrow.
The arrow hits Duvessa but does no damage.
Duvessa is lightly wounded.
Duvessa hits you with a +0 short sword.
You die...

..............#P.P.♣.............
##.##.##.##...###' #####..####...
##.##.#####...##.. .# #... #)..
.......#...>..#... . ..... ....
.......#......#..#.##..# #...
.......#......#..#. . #. ....
.......#......#... .##...
†......#......#..##....#
...<...#......#.@...#
#########...####e.#....>.
###...###...####..#.##...
.......#...............##
.......#.........##.#...
.......#............# #
.##....##........##...
.##....##.......... .#
........#...##....## ..


You could see Duvessa.

Vanquished Creatures
  Jessica (D:2)
  Natasha (twice) (D:2)
  An iguana (D:4)
  A gnoll bouda (D:3)
  5 gnolls
  3 adders
  2 white imps (D:4)
  3 ufetubi (D:4)
  A worm (D:2)
  3 dart slugs
  An orc (D:4)
  5 ball pythons
  7 bats
  3 endoplasms
  4 giant cockroaches
  9 hobgoblins
  8 kobolds
  3 quokkas
  7 frilled lizards
  5 goblins
  3 rats (D:1)
77 creatures vanquished.

Vanquished Creatures (others)
  3 demonic plants (D:4)
  A plant (D:3)
4 creatures vanquished.

Grand Total: 81 creatures vanquished

Notes
Turn   | Place    | Note
-------+----------+-------------------------------------------
     0 | D:1      | protoss039 the Demonspawn Earth Elementalist began the
                  | quest for the Orb.
     0 | D:1      | Reached XP level 1. HP: 13/13 MP: 3/3
   132 | D:1      | Gained mutation: You are surrounded by a mild repulsion
                  | field. (EV +2) [demonic ancestry]
   132 | D:1      | Reached XP level 2. HP: 20/20 MP: 5/5
   179 | D:1      | Reached skill level 1 in Fighting
   215 | D:1      | Found a faded altar of an unknown god.
   567 | D:1      | Learned a level 2 spell: Passwall
   665 | D:2      | Reached XP level 3. HP: 18/26 MP: 3/6
   928 | D:2      | Noticed Jessica
   936 | D:2      | Killed Jessica
   937 | D:2      | Reached skill level 1 in Armour
   937 | D:2      | Gained mutation: You are surrounded by a moderate repulsion
                  | field. (EV +3) [demonic ancestry]
   937 | D:2      | Reached XP level 4. HP: 18/33 MP: 3/7
  1277 | D:2      | Found a bloodstained altar of Trog.
  1486 | D:2      | Noticed Natasha
  1493 | D:2      | Killed Natasha
  2031 | D:2      | Noticed Natasha
  2035 | D:2      | Killed Natasha
  2252 | D:3      | Found a faded altar of an unknown god.
  2285 | D:3      | Gained mutation: Spells you cast may paralyse adjacent
                  | enemies. [demonic ancestry]
  2285 | D:3      | Reached XP level 5. HP: 38/38 MP: 9/9
  2458 | D:3      | Found a shimmering blue altar of Sif Muna.
  2914 | D:3      | Learned a level 3 spell: Stone Arrow
  2949 | D:4      | Found a radiant altar of Vehumet.
  2963 | D:4      | Became a worshipper of Vehumet
  4049 | D:4      | Reached XP level 6. HP: 33/46 MP: 5/10
  4052 | D:4      | Reached skill level 1 in Conjurations
  4496 | D:4      | Noticed Duvessa
  4501 | D:4      | Found a staircase to the Ecumenical Temple.
  4516 | D:4      | Slain by Duvessa

Illustrated notes

Levels and vault maps discovered:
D:1:      eino_arrival_cavern_d, layout_rooms, chequers_ecumenical_altar_grove
D:2:      layout_basic, basic_altar, chequers_serial_rivers_small_a,
          uniq_natasha, uniq_jessica
D:3:      layout_loops_corners, nicolae_overflow_hidden_temple,
          nicolae_overflow_ecumenical_swirl, kennysheep_boxes
D:4:      layout_gridville, mainiacjoe_overflow_alcove_2,
          nicolae_vehumet_radiance, minmay_temple_entry_ruins, serial_demonic,
          serial_demonic_f, serial_demonic_b, serial_demonic_g,
          serial_demonic_d, serial_demonic_b, uniq_duvessa

Skill      XL: |  1  2  3  4  5  6 |
---------------+-------------------+-----
Fighting       | 1 2 |  2.6
Earth Magic    | 3 |  3.7
Armour         | 1 2 |  2.9
Spellcasting   | 3 |  3.2
Conjurations   | 1 |  1.1
Dodging        | |  1.7
Stealth        | |  1.7
Transmutations | |  0.8

Action                   |  1- 3 |  4- 6 || total
-------------------------+-------+-------++-------
 Fire: Shortbow          |    65 |   117 ||   182
 Cast: Sandblast         |    13 |    54 ||    67
Armor: Ring mail         |     4 |    52 ||    56
       Robe              |     1 |       ||     1
Dodge: Dodged            |    19 |   130 ||   149
